Map: Frozen Temple

Players

Miszu - Winner!

  • Race: Terran Terran
  • League: Master

Factorymouse

  • Race: Zerg Zerg
  • League: Master

VOD

Have the link to the VOD?

Description

Time

  • Played on: March 28, 2016, 4:49 p.m.
  • Length: 9:22
Show
View Real Time Build Order
Export as new Build Order

Miszu Terran - Winner!

Build Orders:  

Get SALT Encoding   

  12  0:01  SCV  
  13  0:13  SCV  
  14  0:18  Supply Depot  
  14  0:25  SCV  
  15  0:39  SCV  
  15  0:42  Barracks  
  16  0:45  Refinery  
  16  0:52  SCV  
  17  1:02  Barracks  
  17  1:04  SCV  
  18  1:16  SCV  
  19  1:21  Barracks  
  19  1:28  SCV  
  19  1:29  Reaper  
  21  1:35  Refinery  
  21  1:52  Reaper  
  23  2:00  Supply Depot  
  22  2:01  Orbital Command  
  22  2:05  Reaper  
  23  2:20  Supply Depot  
  23  2:22  Reaper  
  24  2:24  Reaper  
  24  2:27  SCV  
  26  2:37  Reaper  
  27  2:47  SCV  
  28  2:54  Reaper  
  28  2:56  Reaper  
  30  2:59  SCV  
  31  3:09  Reaper  
  32  3:16  SCV  
  33  3:26  Reaper  
  34  3:28  Reaper  
  34  3:30  Command Center  
  35  3:41  Reaper  
  36  3:52  SCV  
  37  3:56  Command Center  
  37  4:04  Barracks Reactor, Barracks Tech Lab  
  35  4:26  Marine  
  35  4:27  Stimpack  
  35  4:29  SCV  
  36  4:45  Barracks Reactor  
  36  4:48  Marine x3  
  36  4:50  Barracks Tech Lab  
  39  4:55  SCV, Orbital Command  
  39  4:57  Bunker  
  40  5:02  Factory  
  40  5:05  Marine  
  40  5:06  Marine x2  
  43  5:07  SCV  
  43  5:08  Marine  
  43  5:10  SCV  
  46  5:19  SCV  
  46  5:20  SCV  
  47  5:22  SCV  
  47  5:23  Marine x2  
  49  5:31  SCV  
  49  5:32  SCV  
  51  5:39  Marine  
  51  5:40  Marine  
  51  5:41  Marine, Orbital Command  
  53  5:43  SCV  
  53  5:45  SCV  
  53  5:47  Marine  
  56  5:55  SCV  
  56  5:56  Starport  
  56  5:57  SCV, Factory Reactor  
  58  6:06  Marine  
  58  6:07  Marine, SCV  
  61  6:13  Marine  
  61  6:14  Marine  
  61  6:15  SCV  
  61  6:16  SCV  
  65  6:19  SCV  
  65  6:21  Supply Depot  
  65  6:24  Marine  
  65  6:25  Marine  
  67  6:34  Marauder  
  69  6:43  Marauder  
  69  6:46  Factory Tech Lab  
  64  6:56  Marauder  
  56  7:07  Marine  
  56  7:08  Marine x2, Medivac x2  
  56  7:09  Siege Tank  
  62  7:17  Marine  
  62  7:25  Marine  
  62  7:26  Marine x2  
  62  7:28  SCV x2  
  66  7:31  SCV  
  69  7:40  Supply Depot, SCV x2  
  69  7:43  Marine x2  
  74  7:45  Siege Tank  
  74  7:47  Medivac  
  74  7:48  SCV  
  77  7:52  Refinery  
  77  7:54  Marine x2  
  77  7:55  Refinery, SCV  
  80  8:01  Marine x2  
  80  8:04  SCV x2  
  82  8:06  Engineering Bay  
  82  8:07  Engineering Bay, SCV  
  82  8:12  Marine x2  
  81  8:16  SCV  
  81  8:18  Marine  
  81  8:19  Marine, SCV, Orbital Command  
  88  8:25  Siege Tank  
  90  8:28  SCV  
  90  8:31  Marauder  
  90  8:33  Marine  
  92  8:34  SCV  
  92  8:36  Marine  
  82  8:52  Marauder  
  81  8:58  Marine  
  81  8:59  Marine x2  
Show
View Real Time Build Order
Export as new Build Order

Factorymouse Zerg 

Build Orders: Hatch First, Roach Nydus 

Get SALT Encoding   

  12  0:02  Drone  
  13  0:12  Overlord  
  13  0:17  Drone  
  14  0:31  Drone x2  
  16  0:36  Drone  
  17  0:53  Hatchery  
  17  0:56  Drone  
  17  0:59  Drone  
  18  1:07  Drone  
  19  1:19  Spawning Pool  
  19  1:20  Drone  
  19  1:24  Extractor  
  18  1:29  Drone  
  19  1:40  Overlord  
  19  2:08  Zergling x6, Queen x2  
  26  2:22  Drone x3  
  29  2:26  Metabolic Boost  
  29  2:39  Drone  
  30  2:44  Overlord, Queen x2  
  34  2:51  Drone x2  
  34  2:56  Overlord  
  34  3:05  Zergling x2  
  34  3:06  Zergling x4  
  36  3:12  Roach Warren  
  36  3:16  Zergling x2  
  36  3:17  Zergling x2  
  36  3:18  Zergling x2  
  37  3:29  Overlord  
  37  3:30  Zergling x4  
  39  3:39  Zergling x4  
  39  3:48  Zergling x4  
  40  3:52  Overlord  
  40  4:00  Roach x2  
  40  4:01  Roach x2  
  48  4:09  Roach  
  51  4:10  Roach  
  50  4:37  Drone x4  
  49  4:50  Lair  
  49  4:51  Drone x4  
  52  4:59  Extractor  
  51  5:03  Overlord  
  51  5:19  Drone x7  
  51  5:20  Queen  
  60  5:21  Extractor  
  53  5:38  Zergling x2  
  53  5:39  Zergling x14  
  61  5:48  Nydus Network  
  60  5:51  Overlord  
  60  5:52  Glial Reconstitution  
  60  5:56  Queen  
  60  6:08  Overlord  
  60  6:09  Overlord  
  60  6:15  Roach x4  
  68  6:20  Roach x3  
  74  6:32  Nydus Canal  
  72  6:38  Roach x3  
  72  6:39  Zergling x2, Roach  
  82  6:40  Zergling x2  
  71  6:55  Pneumatized Carapace  
  71  6:59  Roach x3  
  49  7:24  Roach  
  49  7:25  Roach x7  
  63  7:36  Hatchery  
  62  7:40  Roach x4  
  70  7:45  Queen x2  
  70  7:47  Roach  
  70  7:51  Extractor  
  75  7:52  Drone x2  
  75  7:53  Drone  
  78  8:13  Overlord  
  78  8:15  Roach x3  
  78  8:19  Overlord  
  84  8:25  Nydus Canal  
  81  8:38  Roach x4  
  89  8:48  Roach  
  85  8:49  Roach  
  85  8:53  Roach  
  85  8:54  Roach x4  
  89  8:59  Roach x2  
Tags
 
Add a new tag
Caveats
  • Supply blocks, unpowered buildings, or Contaminate may cause inaccurate times.
  • Supply counts are checked every 10 seconds.